 Dungeon Crawl Stone Soup version 0.23.2-33-g5129a83184 (webtiles) character file.

Game seed: 16047815743519574585

226 lepoulpe303 the Grave Robber (level 5, -2/42 HPs)
             Began as a Deep Dwarf Necromancer on July 17, 2019.
             Killed by divine providence
             ... invoked by an orc priest
              (7 damage)
             ... on level 4 of the Dungeon.
             The game lasted 00:10:43 (2873 turns).

lepoulpe303 the Grave Robber (DDNe)                 Turns: 2873, Time: 00:10:44

Health: -2/42      AC:  2    Str: 12    XL:     5   Next: 69%
Magic:  9/9        EV: 13    Int: 16    God:
Gold:   187        SH:  0    Dex: 13    Spells: 1/10 levels left

rFire    . . .     SeeInvis .   p - +2 hand axe (freeze)
rCold    . . .     Gourm    .   (no shield)
rNeg     . . .     Faith    .   a - +0 robe
rPois    .         Spirit   .   (no helmet)
rElec    .         Reflect  .   (no cloak)
rCorr    .         Harm     .   (no gloves)
MR       .....                  (no boots)
Stlth    ++........             (no amulet)
HPRegen  0.00/turn              (no ring)
MPRegen  0.11/turn              (no ring)

@: non-regenerating
A: damage resistance, heal wounds, sense surroundings 1, no regeneration
a: Heal Wounds


You were on level 4 of the Dungeon.
You were hungry.

You visited 1 branch of the dungeon, and saw 4 of its levels.

You collected 187 gold pieces.

Inventory:

Hand Weapons
 p - a +2 hand axe of freezing (weapon)
Missiles
 h - 19 poisoned needles
 Q - 99 stones (quivered)
Armour
 a - a +0 robe (worn)
Scrolls
 b - 2 scrolls of identify {unknown}
 d - a scroll of enchant armour {unknown}
 g - a scroll of blinking {unknown}
 i - a scroll of immolation {unknown}
 k - a scroll of remove curse {unknown}
 m - a scroll of fog {unknown}
Potions
 f - a potion of might {unknown}
 j - 2 potions of flight {unknown}
 l - a potion of haste {unknown}
 n - a potion of resistance {unknown}
 o - a potion of curing {unknown}
Comestibles
 e - 4 rations


   Skills:
 + Level 3.3 Dodging
 + Level 3.7 Stealth
 * Level 3.2 Spellcasting
 * Level 5.7 Necromancy


You had one spell level left.
You knew the following spells:

 Your Spells              Type           Power        Failure   Level  Hunger
a - Pain                  Necr           ###.         1%          1    None
b - Animate Dead          Necr           N/A          17%         4    ####...
x - Vampiric Draining     Necr           ###.......   4%          3    ###....
A - Animate Skeleton      Necr           N/A          1%          1    None

Your spell library contained the following spells:

 Spells                   Type           Power        Failure   Level  Hunger
 Regeneration             Chrm/Necr      Unusable     N/A         3    N/A

Dungeon Overview and Level Annotations

Branches:
Dungeon (4/15)
 Temple: D:4-7

Altars:
Hepliaklqana
Nemelex Xobeh
Vehumet

Annotations:
D:3 3 runed translucent doors, psyvane's ghost, amateur DsWn


Innate Abilities, Weirdness & Mutations

You are resistant to damage.
You can heal yourself by infusing magical energy.
You passively map a small area around you.
You do not regenerate.


Message History

An orc wizard comes into view. It is wielding a +0 dagger.
The orc wizard hits you with a +0 dagger.
The orc hits you with a +0 club.
Out of range.
Okay, then.
The orc wizard completely misses you.
You barely miss the orc. You hit the orc but do no damage.
You hit the orc wizard but do no damage.
The orc barely misses you. The orc hits you.
The orc wizard casts a spell.
The orc wizard blinks!
The orc hits you with a +0 club.
* * * LOW HITPOINT WARNING * * *
The orc priest calls down the wrath of Beogh upon you.
Beogh smites you!
* * * LOW HITPOINT WARNING * * *
You take 13 damage, and have 5/42 hp.
MASSIVE DAMAGE!!
The orc priest invokes the aid of Beogh against you.
Beogh smites you!
You die...

##......... * *
, .....#....# *
* ..........* ,
....#..o# #####.
, ,
.......##......,
* #....o...... *
*
..#,,#...<#..#*
, , *
.....#.oo.o.# ,
, , , #...@..###
,,, ** , ,
*#.......# ,
......#........
, * ,
...##.#........
, , , ...
#.#......##* , ,
..**#......###*
,, * ...... *
.###.## * , ** *


You could see an orc priest, 2 orc wizards and 2 orcs.

Levels and vault maps discovered:
D:1:      dpeg_arrival_rooms_with_view, layout_loops_ring
D:2:      layout_loops_ring, lemuel_round_altar, fiery_altar_vehumet,
          glass_columns_b, uniq_jessica
D:3:      layout_loops_cross, marbit_many_paths, first_ration,
          gammafunk_ghost_icy
D:4:      layout_rooms, old_standard_altar, nicolae_gozag_zags_fifth_avenue,
          enter_ossuary_4

Notes
Turn   | Place    | Note
-------+----------+-------------------------------------------
     0 | D:1      | lepoulpe303 the Deep Dwarf Necromancer began the quest for
                  | the Orb.
     0 | D:1      | Reached XP level 1. HP: 15/15 MP: 3/3
   179 | D:1      | Identified a +0 hand axe (You found it on level 1 of the
                  | Dungeon)
   192 | D:1      | Identified a +0 club
   236 | D:1      | Reached skill level 2 in Spellcasting
   236 | D:1      | Reached XP level 2. HP: 14/22 MP: 0/5
   239 | D:1      | Learned a level 1 spell: Animate Skeleton
   402 | D:1      | Identified a +0 club
   402 | D:1      | Identified a +0 dagger
   435 | D:1      | Identified a +0 dagger
   545 | D:1      | Identified a +0 club
   640 | D:1      | Identified a cursed -3 club
   711 | D:1      | Reached XP level 3. HP: 12/28 MP: 3/6
   716 | D:1      | Learned a level 3 spell: Vampiric Draining
   879 | D:1      | Identified a cursed -2 club
  1077 | D:2      | Found a radiant altar of Vehumet.
  1241 | D:2      | Identified a +0 club
  1241 | D:2      | Identified a +0 robe
  1241 | D:2      | Noticed Jessica
  1251 | D:2      | Reached skill level 3 in Stealth
  1317 | D:2      | Killed Jessica
  1317 | D:2      | Reached skill level 5 in Necromancy
  1317 | D:2      | Reached XP level 4. HP: 24/36 MP: 3/7
  1318 | D:2      | Identified a +0 club
  1410 | D:2      | Identified a +0 club
  1421 | D:2      | Identified a +0 flail
  1643 | D:2      | Found a hazy altar of Hepliaklqana.
  1836 | D:3      | Identified a +0 blowgun
  1844 | D:3      | Reached skill level 3 in Dodging
  1961 | D:3      | Found a runed translucent gate.
  1962 | D:3      | Found a runed translucent gate.
  1963 | D:3      | Found a runed translucent gate.
  1975 | D:3      | Identified a +0 club
  1984 | D:3      | Identified a +0 club
  2053 | D:3      | Identified a +2 hand axe of freezing (You found it on level
                  | 3 of the Dungeon)
  2180 | D:3      | Identified a +0 club
  2181 | D:3      | Identified a +0 club
  2192 | D:3      | Reached XP level 5. HP: 24/42 MP: 3/9
  2199 | D:3      | Learned a level 4 spell: Animate Dead
  2214 | D:3      | Found a sparkling altar of Nemelex Xobeh.
  2268 | D:3      | Identified a +0 mace
  2268 | D:3      | Identified a +0 ring mail
  2268 | D:3      | Identified a +0 short sword
  2268 | D:3      | Identified a +0 leather armour
  2268 | D:3      | Identified a cursed -2 dagger
  2268 | D:3      | Identified a +0 robe
  2268 | D:3      | Identified a +0 club
  2268 | D:3      | Identified a +0 scale mail
  2268 | D:3      | Identified a +0 whip
  2367 | D:3      | Reached skill level 3 in Spellcasting
  2799 | D:3      | Noticed psyvane's ghost (amateur DsWn)
  2864 | D:4      | Identified a +0 club
  2864 | D:4      | Identified a +0 leather armour of poison resistance
  2866 | D:4      | Identified a +0 dagger
  2866 | D:4      | Identified a +0 robe
  2868 | D:4      | Identified a +0 falchion
  2870 | D:4      | Identified a +0 dagger
  2870 | D:4      | Identified a +0 robe
  2872 | D:4      | HP: 5/42 [orc priest/divine providence (11)]
  2873 | D:4      | Killed from afar by an orc priest

Table legend:
 A = Turns spent in this place as a percentage of turns spent in the entire game.
 B = Non-inter-level travel turns spent in this place as a percentage of non-inter-level travel turns spent in the entire game.
 C = Inter-level travel turns spent in this place as a percentage of turns spent in this place.
 D = Turns resting spent in this place as a percentage of non-inter-level travel turns spent in this place.
 E = Turns spent auto-exploring this place as a percentage of non-inter-level travel turns spent in this place.
 F = Non-inter-level travel turns spent in this place divided by the number of levels of this place that you've seen.
                   A       B       C       D       E      F
               +-------+-------+-------+-------+-------+----------------------
         Total | 100.0 | 100.0 |   3.0 |  20.8 |  57.6 | 696.5
       Dungeon | 100.0 | 100.0 |   3.0 |  20.8 |  57.6 | 696.5
               +-------+-------+-------+-------+-------+----------------------

Table legend:
 A = Kills in this place as a percentage of kills in entire the game.
 B = Kills by you in this place as a percentage of kills by you in the entire game.
 C = Kills by friends in this place as a percentage of kills by friends in the entire game.
 D = Other kills in this place as a percentage of other kills in the entire game.
 E = Experience gained in this place as a percentage of experience gained in the entire game.
 F = Experience gained in this place divided by the number of levels of this place that you have seen.
                   A       B       C       D       E      F
               +-------+-------+-------+-------+-------+----------------------
         Total | 100.0 | 100.0 | 100.0 |   N/A | 100.0 |  80.8
       Dungeon | 100.0 | 100.0 | 100.0 |   N/A | 100.0 |  80.8
               +-------+-------+-------+-------+-------+----------------------

Skill      XL: |  1  2  3  4  5 |
---------------+----------------+-----
Spellcasting   | 2 3 |  3.2
Stealth        | 3 |  3.7
Necromancy     | 5 |  5.7
Dodging        | 3 |  3.3

Action                   |  1- 3 |  4- 6 || total
-------------------------+-------+-------++-------
Melee: Hand axe          |    22 |    51 ||    73
 Cast: Pain              |    44 |    22 ||    66
       Animate Skeleton  |     7 |       ||     7
       Vampiric Draining |     8 |    15 ||    23
 Stab: Sleeping          |     4 |     5 ||     9
       Distracted        |       |     1 ||     1
  Eat: Chunk             |     3 |     6 ||     9
Armor: Robe              |    12 |     8 ||    20
Dodge: Dodged            |    38 |    49 ||    87

Vanquished Creatures
  A scorpion (D:3)
  A centaur skeleton (D:4)
  Jessica (D:2)
  An orc wizard (D:3)
  2 adders
  3 oozes
  2 worms
  2 leopard geckos
  4 orcs (D:3)
  8 goblins
  8 hobgoblins
  3 jackals
  2 quokkas (D:2)
  9 bats
  2 frilled lizards
  A jackal skeleton (D:3)
  6 kobolds
  7 rats
63 creatures vanquished.

Vanquished Creatures (collateral kills)
  A ball python (D:1)
  A jackal (D:1)
2 creatures vanquished.

Grand Total: 65 creatures vanquished
